 Dungeon Crawl Stone Soup version 0.29-a0-25-g7f48f510a0 (webtiles) character file.

Game seed: 1539969251184360421

2293 lunkers the Conjurer (level 8, -2/57 HPs)
             Began as a Demigod Earth Elementalist on Jan 31, 2022.
             Succumbed to a killer bee's poison
             ... on level 7 of the Dungeon.
             The game lasted 00:16:13 (8124 turns).

lunkers the Conjurer (Demigod Earth Elementalist)   Turns: 8124, Time: 00:16:14

Health: -2/57      AC: 10    Str:  9    XL:     8   Next: 96%
Magic:  2/19       EV: 10    Int: 25    God:
Gold:   327        SH:  0    Dex: 14    Spells: 11/17 levels left

rFire   . . .      SeeInvis .   a - +6 club (spect)
rCold   . . .      Faith    .   (no shield)
rNeg    . . .      Spirit   .   m - +0 ring mail {Will+}
rPois   .          Reflect  .   (no helmet)
rElec   .          Harm     .   f - +1 cloak
rCorr   .          Rampage  .   l - +1 pair of gloves
Will    +....                   b - +0 pair of boots
Stlth   +.........              (no amulet)
HPRegen 0.19/turn               (no ring)
MPRegen 0.16/turn               (no ring)

@: lethally poisoned (-2 -> -14), very slightly contaminated
A: high MP 1, forlorn, divine attributes
a: no special abilities


You were on level 7 of the Dungeon.
You visited 1 branch of the dungeon, and saw 7 of its levels.

You collected 327 gold pieces.

Inventory:

Hand Weapons
 a - a +6 spectral club (weapon)
 q - a +0 mace of protection
Missiles
 c - 103 stones
Armour
 b - a +0 pair of boots (worn)
 f - a +1 cloak (worn)
 l - a +1 pair of gloves (worn)
 m - a +0 ring mail of willpower (worn)
 p - a +0 leather armour of poison resistance
 s - a +2 robe of cold resistance
Jewellery
 h - a ring of wizardry
Wands
 n - a wand of charming (12)
 t - a wand of mindburst (9)
 u - a wand of flame (47)
Scrolls
 o - a scroll of blinking {unknown}
 r - a scroll of amnesia
Potions
 d - a potion of heal wounds {unknown}
 e - 2 potions of flight
 g - 4 potions of brilliance
 i - a potion of curing
 j - 2 potions of resistance
 k - a potion of haste {unknown}
 v - 2 potions of attraction


   Skills:
 - Level 1.7 Dodging
 - Level 1.7 Stealth
 + Level 5.3 Spellcasting
 * Level 7.6 Conjurations
 - Level 0.8 Transmutations
 + Level 6.5 Earth Magic


You had 11 spell levels left.
You knew the following spells:

 Your Spells              Type           Power      Damage    Failure   Level
a - Stone Arrow           Conj/Erth      84%        3d12      3%          3
b - Passwall              Tmut/Erth      20%        N/A       8%          2
c - Sandblast             Erth           78%        2d17      1%          1

Your spell library contained the following spells:

 Spells                   Type           Power      Damage    Failure   Level
 Mephitic Cloud           Conj/Pois/Air  19%        N/A       24%         3
 Petrify                  Tmut/Erth      25%        N/A       43%         4
 Ignite Poison            Fire/Tmut/Pois 8%         N/A       52%         3
 Freezing Cloud           Conj/Ice/Air   9%         6-21      91%         5


Dungeon Overview and Level Annotations

Branches:
Dungeon (7/15)
 Temple: D:4-7

Shops:
D:1 *   D:5 ?

Annotations:
D:5 1 runed translucent door, badatthis's ghost, novice HOMo


Innate Abilities, Weirdness & Mutations

You have an increased reservoir of magic. (+10% MP)
You shall have no god before yourself.
Your divine heritage dramatically boosts your attributes as you level up.


Message History

You kill the orc!
* * * LOW MAGIC WARNING * * *
You feel very sick.
The killer bee stings you but does no damage.
The killer bee stings you.
* * * LOW HITPOINT WARNING * * *
Casting: Sandblast (safe; 1% risk of failure)
Confirm with . or Enter, or press ? or * to list all spells.
Aiming: Sandblast (safe; 1% risk of failure)
Press: ? - help, Shift-Dir - straight line, f/p - killer bee
Aim: a killer bee (heavily wounded, 63% to hit)
The blast of sand hits the killer bee.
The killer bee is almost dead.
* * * LOW MAGIC WARNING * * *
You feel sick. The killer bee barely misses you. The killer bee stings you.
* * * LOW HITPOINT WARNING * * *
You are more poisoned.
The killer bee poisons you!
Casting: Sandblast (safe; 1% risk of failure)
Confirm with . or Enter, or press ? or * to list all spells.
Aiming: Sandblast (safe; 1% risk of failure)
Press: ? - help, Shift-Dir - straight line, f/p - killer bee
Aim: a killer bee (almost dead, 63% to hit)
You miscast Sandblast.
You are very lightly contaminated with residual magic.
Nothing appears to happen.
* * * LOW MAGIC WARNING * * *
* * * LOW HITPOINT WARNING * * *
You feel very sick. The killer bee closely misses you.
The killer bee stings you.
* * * LOW HITPOINT WARNING * * *
Casting: Sandblast (safe; 1% risk of failure)
Confirm with . or Enter, or press ? or * to list all spells.
Aiming: Sandblast (safe; 1% risk of failure)
Press: ? - help, Shift-Dir - straight line, f/p - killer bee
Aim: a killer bee (almost dead, 63% to hit)
The blast of sand hits the killer bee.
You kill the killer bee!
* * * LOW MAGIC WARNING * * *
You die...

.......#..#...........
.....##............y ....#
##....#..y..y ....
##..#####....
#.####.#..#####.. . .
####.........o##.# ...
..###.#......#.)#.y#.#.....
.........)..###†#y.o.......
.#....).....##@#..o.y..o..
##...))...>#...##.....#o.
#.........#..####..#..#
##........#..# .## .#
#..........###.... ..
####..####............ #
#..#...###............#
.....##..>.#...#.##.
.........####..###


There were no monsters in sight!

Vanquished Creatures
  Pikel (D:7)
  Prince Ribbit (D:4)
  An orc warrior (D:7)
  A black bear (D:4)
  2 ice beasts (D:6)
  A phantom (D:5)
  Blork the orc (D:6)
  A bullfrog (D:6)
  A wyvern skeleton (D:7)
  2 scorpions
  5 killer bees (D:7)
  3 howler monkeys
  A bullfrog zombie (D:6)
  2 bullfrog skeletons
  A gnoll shaman (D:4)
  4 hounds
  Ijyb (D:4)
  4 orc wizards
  A hound skeleton (D:4)
  A howler monkey zombie (D:7)
  A howler monkey skeleton (D:7)
  3 gnolls (D:4)
  3 adders
  A white imp (D:6)
  An ufetubus (D:6)
  An adder skeleton (D:4)
  2 worms
  3 dart slugs
  13 orcs
  2 bats
  8 endoplasms
  5 giant cockroaches
  15 goblins
  6 hobgoblins
  7 jackals (D:1)
  4 quokkas
  7 ball pythons
  A frilled lizard (D:3)
  4 kobolds
  A quokka skeleton (D:4)
  7 rats
130 creatures vanquished.

Notes
Turn   | Place    | Note
-------+----------+-------------------------------------------
     0 | D:1      | lunkers the Demigod Earth Elementalist began the quest for
                  | the Orb.
     0 | D:1      | Reached XP level 1. HP: 14/14 MP: 5/5
   180 | D:1      | Reached XP level 2. HP: 8/20 MP: 0/7
   728 | D:1      | Learned a level 2 spell: Passwall
   734 | D:1      | Reached XP level 3. HP: 26/26 MP: 6/9
   775 | D:1      | Learned a level 3 spell: Stone Arrow
   861 | D:1      | Found Nuryafyo's General Store.
  2030 | D:2      | Reached skill level 1 in Conjurations
  3101 | D:3      | Reached XP level 4. HP: 33/33 MP: 1/10
  3759 | D:3      | Reached skill level 2 in Conjurations
  4116 | D:4      | Reached XP level 5. HP: 38/38 MP: 1/12
  4421 | D:4      | Reached skill level 3 in Conjurations
  4895 | D:4      | Noticed Ijyb
  4896 | D:4      | Killed Ijyb
  4897 | D:4      | Reached XP level 6. HP: 43/45 MP: 9/13
  5256 | D:5      | Entered Level 5 of the Dungeon
  5293 | D:5      | Noticed Prince Ribbit
  5319 | D:5      | Reached skill level 4 in Conjurations
  5501 | D:4      | Killed Prince Ribbit
  5502 | D:4      | Reached XP level 7. HP: 40/50 MP: 8/15
  5673 | D:5      | Reached skill level 5 in Earth Magic
  5874 | D:5      | Found Toull's Magic Scroll Shoppe.
  5887 | D:5      | Reached skill level 5 in Conjurations
  6028 | D:5      | Found a runed translucent door.
  6029 | D:5      | Noticed badatthis's ghost (novice HOMo)
  6754 | D:6      | Noticed Blork the orc
  6757 | D:6      | Killed Blork the orc
  7131 | D:6      | Reached skill level 6 in Conjurations
  7131 | D:6      | Reached XP level 8. HP: 57/57 MP: 7/18
  7954 | D:7      | Noticed Pikel
  7968 | D:7      | Killed Pikel
  7969 | D:7      | Reached skill level 5 in Spellcasting
  7969 | D:7      | Reached skill level 7 in Conjurations
  8123 | D:7      | HP: 1/57 [killer bee (4)]
  8124 | D:7      | Succumbed to a killer bee's poison

Illustrated notes

Levels and vault maps discovered:
D:1:      dpeg_arrival_pond, layout_loops_ring, serial_shops,
          nicolae_lakefront_shop, hellmonk_ecumenical_altar_leap_of_faith,
          minivault_19, grunt_decor_resistance, minmay_tromino_v7
D:2:      layout_basic
D:3:      layout_loops_corners, mainiacjoe_overflow_catwalk,
          nicolae_overflow_squiral, serial_glass, glass_columns_a,
          glass_columns_a, grunt_decor_clamped, grunt_ministairs_14
D:4:      layout_loops_ring, mainiacjoe_overflow_swirl, minmay_close_crescents,
          uniq_ijyb
D:5:      layout_rooms, serial_shops, shop_fountains, ebering_ghost_inner_flame,
          hangedman_abyss_or_decor_jellyfish_corner, minmay_misc_feat_alley,
          uniq_prince_ribbit1
D:6:      layout_basic, nrook_campfire, chequers_serial_rivers_micro_b,
          uniq_blork_the_orc
D:7:      layout_cave_pools, mainiacjoe_overflow_paths,
          minmay_temple_entry_drinking_statues, corexii_item_surrounded_by_moat,
          uniq_pikel

Skill      XL: |  1  2  3  4  5  6  7  8 |
---------------+-------------------------+-----
Spellcasting   | 2 3 4 5 |  5.3
Earth Magic    | 3 4 5 6 |  6.5
Conjurations   | 1 2 3 4 6 7 |  7.6
Dodging        | |  1.7
Stealth        | |  1.7
Transmutations | |  0.8

Action                   |  1- 3 |  4- 6 |  7- 9 || total
-------------------------+-------+-------+-------++-------
Melee: Unarmed           |     7 |       |       ||     7
       Dagger            |    91 |    27 |       ||   118
       Mace              |       |    33 |       ||    33
       Punch             |       |     1 |       ||     1
       Club              |       |     4 |    12 ||    16
 Cast: Sandblast         |    37 |    17 |    14 ||    68
       Stone Arrow       |    19 |    31 |    49 ||    99
Evoke: Wand              |       |     1 |       ||     1
  Use: Scroll            |     3 |     9 |     3 ||    15
 Stab: Sleeping          |     3 |       |       ||     3
Armor: Robe              |    23 |       |       ||    23
       Leather armour    |    20 |    49 |     2 ||    71
       Ring mail         |       |       |    13 ||    13
Dodge: Dodged            |    64 |    62 |    20 ||   146

Table legend: (Time is in decaauts)
 A = Elapsed time spent in this place.
 B = Non-inter-level travel time spent in this place.
 C = Inter-level travel time spent in this place.
 D = Time resting spent in this place.
 E = Time spent auto-exploring this place.
 F = Levels seen in this place.
 G = Mean time per level.
                   A        B        C        D        E       F      G
               +--------+--------+--------+--------+--------+-----+--------+
         Total |   8143 |   7883 |    260 |    435 |   6381 |   7 | 1163.3 |
       Dungeon |   8143 |   7883 |    260 |    435 |   6381 |   7 | 1163.3 |
               +--------+--------+--------+--------+--------+-----+--------+

Top non-repeatable levels by time:
     D:4: 1660 daAuts
     D:3: 1617 daAuts
     D:1: 1428 daAuts
     D:6: 1210 daAuts
     D:2: 828 daAuts
     D:5: 749 daAuts
     D:7: 647 daAuts
